[Event "Team 45 45 League T86"]
[Site "Internet Chess Club"]
[Date "2020.10.22"]
[Round "4"]
[White "Portola"]
[Black "KidRattler"]
[Result "1-0"]
[WhiteElo "1674"]
[BlackElo "1759"]
[Opening "Dutch, 2.Bg5 variation"]
[ECO "A80"]
[Time "17:01:28"]
[TimeControl "2700+45"]

1. d4 f5 2. Bg5 Nf6 3. Bxf6 exf6 4. e3 d5 5. Bd3 Be6 6. Ne2 Bd6 7. Nd2 Nd7 8. c4
c6 9. c5 Bc7 10. b4 O-O 11. Qc2 g6 12. a4 a6 13. h3 Re8 14. g4 fxg4 15. hxg4 Re7
16. f3 Qf8 17. Kf2 Rae8 18. Rag1 Rg7 19. Rh6 Ree7 20. Rgh1 Ref7 21. Bxg6 Rxg6
22. Qxg6+ Rg7 23. Qd3 Qe7 24. Nf4 Bxf4 25. exf4 Nf8 26. f5 Bf7 27. Re1 Qc7 28.
Qe3 Nd7 29. Nf1 a5 30. b5 Kh8 31. b6 Qb8 32. Ng3 Bg8 33. Ne2 Bf7 34. Nf4 Nf8 35.
Ne6 Bxe6 36. fxe6 Ng6 37. Reh1 Qg8 38. Qd3 Nf8 39. Qf5 Qxe6 40. Rxf6 Qxf5 41.
Rxf5 Ne6 42. Ke3 Re7 43. Re5 Kg7 44. f4 h5 45. Rhxh5 Kf8 46. f5 Kg8 47. Rxe6 Rd7
48. g5 Rd8 49. Kf4 Rc8 50. g6 Kg7 51. Rh7+ Kg8 52. Rxb7 Kh8 53. Rc7 Rf8 54. b7
Kg8 55. Rc8 Kg7 56. Rxf8 Kxf8 57. b8=Q+ Kg7 58. Qe5+ Kg8 59. Re7 Kf8 60. Qf6+
Kg8 61. Qg7# {Black checkmated} 1-0

[Event "Team 45 45 League T86"]
[Site "Internet Chess Club"]
[Date "2020.10.24"]
[Round "4"]
[White "ascoli"]
[Black "julesraider"]
[Result "1-0"]
[WhiteElo "1665"]
[BlackElo "1594"]
[Opening "Caro-Kann: closed (Breyer) variation"]
[ECO "B10"]
[Time "15:04:03"]
[TimeControl "2700+45"]

1. e4 c6 2. d3 d5 3. Nd2 e5 4. Ngf3 Bg4 5. h3 Bxf3 6. Qxf3 Nf6 7. g3 Be7 8. Bg2
O-O 9. exd5 cxd5 10. O-O Nc6 11. Re1 Qc7 12. c3 Rfe8 13. Nf1 h6 14. Bd2 Rad8 15.
Ne3 e4 16. dxe4 dxe4 17. Qe2 Ne5 18. Nf5 Nf3+ 19. Bxf3 exf3 20. Nxe7+ Rxe7 21.
Qxe7 Qc8 22. Bf4 Qxh3 23. Qxd8+ Kh7 24. Qd3+ g6 25. Qxf3 Ng4 26. Qg2 Qh5 27. Qh1
Qc5 28. Re2 g5 29. Qh5 Qf5 30. Re5 Nxe5 31. Bxe5 Qxe5 32. Qxf7+ Kh8 33. Rd1 Qb8
34. Qf6+ Kh7 35. Rd7+ Kg8 36. Qg7# {Black checkmated} 1-0

[Event "Team 45 45 League T86"]
[Site "Internet Chess Club"]
[Date "2020.10.22"]
[Round "4"]
[White "Goli"]
[Black "room-matt"]
[Result "1/2-1/2"]
[WhiteElo "1734"]
[BlackElo "1804"]
[Opening "Giuoco Piano"]
[ECO "C54"]
[Time "13:34:18"]
[TimeControl "2700+45"]

1. e4 e5 2. Nf3 Nc6 3. Bc4 Bc5 4. c3 Nf6 5. d3 O-O 6. Bb3 d6 7. h3 a6 8. O-O Ba7
9. Re1 h6 10. Nbd2 b5 11. Nf1 a5 12. a4 b4 13. Ng3 Rb8 14. Nh4 Ng4 15. hxg4 Qxh4
16. Be3 Bxg4 17. Qc2 Bxe3 18. Rxe3 bxc3 19. bxc3 Kh7 20. Nf1 f5 21. exf5 Bxf5
22. Bd5 Ne7 23. Be4 Ng6 24. Bxf5 Rxf5 25. Ng3 Rf4 26. d4 Rd8 27. Rd1 Rdf8 28.
Rd2 Qg5 29. dxe5 Rxf2 30. Rxf2 Qxe3 31. exd6 Qe1+ 32. Rf1 Rxf1+ 33. Nxf1 cxd6
34. Qd3 Qe5 35. Ne3 h5 36. Nc4 Qe1+ 37. Kh2 Qh4+ 38. Kg1 {Game drawn by mutual
agreement} 1/2-1/2

[Event "Team 45 45 League T86"]
[Site "Internet Chess Club"]
[Date "2020.10.25"]
[Round "4"]
[White "cityprosecutor"]
[Black "Zugzwanged"]
[Result "0-1"]
[WhiteElo "1611"]
[BlackElo "1693"]
[Opening "French: King's Indian attack"]
[ECO "C00"]
[Time "09:06:54"]
[TimeControl "2700+45"]

1. e4 e6 2. d3 d5 3. Nd2 c5 4. g3 Bd6 5. f4 Ne7 6. Ngf3 Nbc6 7. Bg2 O-O 8. O-O
Bd7 9. Nh4 f5 10. Re1 b5 11. Nb3 Qb6 12. Be3 d4 13. Bf2 Rac8 14. exf5 Nxf5 15.
Nxf5 exf5 16. Nd2 Rfe8 17. Nf3 Re7 18. Ng5 Rce8 19. Bd5+ Kh8 20. Nf7+ Rxf7 21.
Bxf7 Rf8 22. Qh5 Nb4 23. Re2 c4 24. Bxc4 {White resigns} 0-1

[Event "Team 45 45 League T86"]
[Site "Internet Chess Club"]
[Date "2020.10.25"]
[Round "4"]
[White "pishd"]
[Black "scostanzo212"]
[Result "1-0"]
[WhiteElo "1814"]
[BlackElo "1609"]
[Opening "QGD Slav: exchange variation"]
[ECO "D13"]
[Time "12:05:30"]
[TimeControl "2700+45"]

1. d4 d5 2. Nf3 Nf6 3. c4 c6 4. cxd5 cxd5 5. Nc3 Nc6 6. Bf4 Qb6 7. a3 Bf5 8. Na4
Qa5+ 9. b4 Qd8 10. Nc5 b6 11. Na6 Rc8 12. Rc1 e6 13. b5 Bxa3 14. Rxc6 Rxc6 15.
bxc6 Bd6 16. c7 Qc8 17. Qa4+ Ke7 18. Bxd6+ Kxd6 19. Ne5 Ke7 20. Qa3+ Ke8 21. e4
Bxe4 22. Bb5+ Nd7 23. Bxd7+ Qxd7 24. Nxd7 Kxd7 25. f3 Bg6 26. Qa4+ Kc8 27. Qc6
Bd3 28. Nb4 {Black resigns} 1-0